 Dungeon Sprint DCSS version 0.31-a0-365-gcf821cafb2 (webtiles) character file.

Game seed: 15356693014233193337

5551 rocky1 the Grappler (level 10, 0/85 HPs)
             Began as a Gnoll Shapeshifter on July 28, 2023.
             Was a High Priest of Cheibriados.
             Slain by Ilsuiw
             ... wielding a +4 trident of freezing
              (2 damage)
             ... in the Dungeon (Sprint VII: "The Pits").
             The game lasted 00:04:08 (2149 turns).

rocky1 the Grappler (Gnoll Shapeshifter)            Turns: 2149, Time: 00:04:08

Health: 0/85       AC: 15    Str: 29    XL:     10   Next: 71%
Magic:  4/23       EV: 17    Int: 22    God:    Cheibriados [*****.]
Gold:   0          SH:  0    Dex: 24    Spells: 28/28 levels left

rFire   . .          .
                       - Unarmed
rCold   . . .        (no shield)
rNeg    . . .        p - +4 chain mail
rPois   .            (helmet currently unavailable)
rElec   .            (cloak currently unavailable)
rCorr   .            (gloves currently unavailable)
SInv    .            (boots currently unavailable)
Will    .....        (no amulet)
Stlth   ++           (no ring)
HPRegen 0.34/turn    (no ring)
MPRegen 0.18/turn

%: no teleportation
@: beast-form, very slow
A: beast (slay +7), fangs 1, strong nose, distributed training
a: Begin Untransformation, Renounce Religion, Bend Time, Temporal Distortion,
Slouch, Step From Time


You were in the Dungeon.
You worshipped Cheibriados.
Cheibriados was extremely pleased with you.
You were a hulking beast.
You visited 1 branch

Inventory:

Armour
 a - a +0 animal skin
 m - a +3 chain mail
 p - a +4 chain mail (worn)
 q - a +0 helmet
 r - a +0 pair of gloves
Jewellery
 i - a +3 ring of dexterity
 n - a +3 ring of strength
Talismans
 c - a beast talisman
Scrolls
 k - 5 scrolls of amnesia
 l - a scroll of butterflies
Potions
 d - 7 potions of curing
 e - 6 potions of heal wounds
 f - a potion of haste
 g - 2 potions of magic
 h - 2 potions of berserk rage
 j - 2 potions of invisibility
 o - 2 potions of might


   Skills:
 + Level 9.8 Fighting
 + Level 9.5 Short Blades
 + Level 9.5 Long Blades
 + Level 9.5 Axes
 + Level 9.5 Maces & Flails
 + Level 9.5 Polearms
 + Level 9.5 Staves
 + Level 9.5 Ranged Weapons
 + Level 9.5 Throwing
 + Level 9.5 Armour
 + Level 10.5 Dodging
 + Level 9.5 Stealth
 + Level 9.5 Shields
 + Level 11.5 Unarmed Combat
 + Level 9.5 Spellcasting
 + Level 7.9 Conjurations
 + Level 7.9 Hexes
 + Level 7.9 Summonings
 + Level 7.9 Necromancy
 + Level 7.9 Translocations
 + Level 7.9 Transmutations
 + Level 7.9 Fire Magic
 + Level 7.9 Ice Magic
 + Level 7.9 Air Magic
 + Level 7.9 Earth Magic
 + Level 7.9 Poison Magic
 + Level 10.3 Invocations
 + Level 9.5 Evocations
 + Level 10.3 Shapeshifting


You had 28 spell levels left.
You didn't know any spells.
Your spell library was empty.

Dungeon Overview and Level Annotations

Branches:
Dungeon (1/1)

Altars:
Ashenzari
Cheibriados
Dithmenos
Elyvilon
Fedhas
Gozag
Hepliaklqana
Kikubaaqudgha
Makhleb
Nemelex Xobeh
Okawaru
Qazlal
Ru
Sif Muna
Trog
Uskayaw
Vehumet
Wu Jian
Xom
Yredelemnul
Zin
The Shining One
Jiyva
Lugonu

Annotations:
D Gastronok, Ilsuiw


Innate Abilities, Weirdness & Mutations

You are a hulking beast.
Your limbs bulge with bestial killing power. (Slay +7)
You have very sharp teeth.
Your uncanny sense of smell can sniff out nearby items.
Your experience applies equally to all skills.


Message History

* * * LOW HITPOINT WARNING * * *
Activating: Slouch (1% risk of failure)
Press: ? - help, Dir - look around, f - activate You can feel time thicken for a moment.
The merfolk javelineer throws a silver javelin.
The silver javelin pierces through you but does no damage.
* * * LOW HITPOINT WARNING * * *
Gastronok closely misses you. Something hits you but does no damage.
Unknown command.
You feel much better.
The merfolk javelineer throws a silver javelin.
The silver javelin barely misses you. Something completely misses you.
Unknown command.
Activating: Slouch (1% risk of failure)
Press: ? - help, Dir - look around, f - activate You can feel time thicken for a moment.
You kill the orc warrior!
Cheibriados thoroughly appreciates the change of pace.
Cheibriados lowers the support of your attributes as your movement quickens.
The merfolk javelineer throws a silver javelin.
The silver javelin barely misses you.
Gastronok waves his eye-stalks in wide circles.
The air twists around and strikes you!!
* * * LOW HITPOINT WARNING * * *
Something hits you.
* * * LOW HITPOINT WARNING * * *
Something freezes you.
* * * LOW HITPOINT WARNING * * *
Unknown command.
Activating: Slouch (1% risk of failure)
Press: ? - help, Dir - look around, f - activate You can feel time thicken for a moment.
You kill the merfolk javelineer!
Cheibriados appreciates the change of pace.
Cheibriados raises the support of your attributes as your movement slows.
Cheibriados lowers the support of your attributes as your movement quickens.
Something hits you.
* * * LOW HITPOINT WARNING * * *
Something freezes you.
You die...

....##..# <...##..####
#+# ###
....##..#..#####.## ..
....##..#....##...#..
....##..')....#...#†
######..'))...'...) ∆
######..))....#.){#
...[##..#....##)w)#
....##..#..#####h##
..))##..####...#†######.
..))##..##......)).o.o..
..))##..#..9....)......#
########################


You could see Gastronok (swift).

Vanquished Creatures
  A merfolk javelineer (D)
  A catoblepas (D)
  A death yak (D)
  3 orc knights (D)
  2 merfolk sirens (D)
  A gargoyle (D)
  A troll (D)
  A blink frog (D)
  A spriggan (D)
  A redback (D)
  A warg (D)
  A floating eye (D)
  5 orc warriors (D)
  A black bear (D)
  A centaur (D)
  2 ogres (D)
  A phantom (D)
  A gnoll sergeant (D)
  A bullfrog (D)
  An orc priest (D)
  An iron imp (D)
  A gnoll bouda (D)
  An iguana (D)
  3 orc wizards (D)
  3 gnolls (D)
  An adder (D)
  10 orcs (D)
  A bat skeleton (D)
  An endoplasm (D)
  A hobgoblin (D)
  A kobold (D)
  A quokka (D)
  2 goblins (D)
55 creatures vanquished.

Notes
Turn   | Place    | Note
-------+----------+-------------------------------------------
     0 | D        | rocky1 the Gnoll Shapeshifter began the quest for the Orb.
     0 | D        | Reached XP level 1. HP: 17/17 MP: 1/1
    11 | D        | Noticed a floating eye
    15 | D        | Paralysed by a floating eye for 2 turns
    18 | D        | Killed a floating eye
    19 | D        | Reached skill level 5 in Dodging
    19 | D        | Reached skill level 7 in Unarmed Combat
    19 | D        | Reached XP level 2. HP: 25/25 MP: 1/5
    19 | D        | Reached XP level 3. HP: 30/30 MP: 1/7
    19 | D        | Reached XP level 4. HP: 37/37 MP: 1/8
    23 | D        | Found a bloodstained altar of Trog.
    23 | D        | Found a shimmering blue altar of Sif Muna.
    23 | D        | Found a viscous altar of Jiyva.
    23 | D        | Found a hazy altar of Hepliaklqana.
    23 | D        | Found an opulent altar of Gozag.
    24 | D        | Found a glowing golden altar of the Shining One.
    24 | D        | Found a glowing silver altar of Zin.
    24 | D        | Found a basalt altar of Yredelemnul.
    24 | D        | Found a shimmering altar of Xom.
    24 | D        | Found an ornate altar of the Wu Jian Council.
    24 | D        | Found a sacrificial altar of Ru.
    24 | D        | Found a stormy altar of Qazlal.
    24 | D        | Found an iron altar of Okawaru.
    24 | D        | Found a sparkling altar of Nemelex Xobeh.
    24 | D        | Found a burning altar of Makhleb.
    24 | D        | Found a blossoming altar of Fedhas.
    24 | D        | Found a white marble altar of Elyvilon.
    24 | D        | Found a shadowy altar of Dithmenos.
    24 | D        | Found a snail-covered altar of Cheibriados.
    27 | D        | Found a corrupted altar of Lugonu.
    27 | D        | Found a radiant altar of Vehumet.
    28 | D        | Found an ancient bone altar of Kikubaaqudgha.
    28 | D        | Found a hide-covered altar of Uskayaw.
    28 | D        | Found a broken altar of Ashenzari.
    35 | D        | Became a worshipper of Cheibriados the Contemplative
   283 | D        | Reached * piety under Cheibriados
   485 | D        | Reached ** piety under Cheibriados
   485 | D        | Noticed a phantom
   492 | D        | Killed a phantom
   493 | D        | Reached XP level 5. HP: 37/43 MP: 8/10
   555 | D        | Noticed an ogre
   556 | D        | Noticed a black bear
   559 | D        | Reached *** piety under Cheibriados
   571 | D        | Killed a black bear
   571 | D        | Reached **** piety under Cheibriados
   572 | D        | Reached skill level 5 in Fighting
   572 | D        | Reached skill level 8 in Unarmed Combat
   572 | D        | Reached XP level 6. HP: 30/51 MP: 10/12
   575 | D        | Reached skill level 5 in Invocations
   578 | D        | Reached ***** piety under Cheibriados
   579 | D        | Reached skill level 5 in Short Blades
   579 | D        | Reached skill level 5 in Long Blades
   579 | D        | Reached skill level 5 in Axes
   579 | D        | Reached skill level 5 in Maces & Flails
   579 | D        | Reached skill level 5 in Polearms
   579 | D        | Reached skill level 5 in Staves
   579 | D        | Reached skill level 5 in Ranged Weapons
   579 | D        | Reached skill level 5 in Throwing
   579 | D        | Reached skill level 5 in Armour
   579 | D        | Reached skill level 5 in Stealth
   579 | D        | Reached skill level 5 in Shields
   579 | D        | Reached skill level 5 in Spellcasting
   579 | D        | Reached skill level 5 in Evocations
   781 | D        | Reached XP level 7. HP: 57/57 MP: 14/14
  1210 | D        | Reached ****** piety under Cheibriados
  1319 | D        | Noticed an orc knight
  1319 | D        | Noticed an orc knight
  1319 | D        | Noticed a warg
  1320 | D        | Killed a warg
  1321 | D        | Reached skill level 9 in Unarmed Combat
  1321 | D        | Reached skill level 5 in Conjurations
  1321 | D        | Reached skill level 5 in Hexes
  1321 | D        | Reached skill level 5 in Summonings
  1321 | D        | Reached skill level 5 in Necromancy
  1321 | D        | Reached skill level 5 in Translocations
  1321 | D        | Reached skill level 5 in Transmutations
  1321 | D        | Reached skill level 5 in Fire Magic
  1321 | D        | Reached skill level 5 in Ice Magic
  1321 | D        | Reached skill level 5 in Air Magic
  1321 | D        | Reached skill level 5 in Earth Magic
  1321 | D        | Reached skill level 5 in Poison Magic
  1323 | D        | Reached XP level 8. HP: 67/67 MP: 5/17
  1334 | D        | Killed an orc knight
  1335 | D        | Killed an orc knight
  1336 | D        | Reached skill level 10 in Unarmed Combat
  1336 | D        | Reached XP level 9. HP: 63/74 MP: 2/20
  2096 | D        | Noticed a gargoyle
  2097 | D        | Noticed a death yak
  2097 | D        | Noticed a troll
  2108 | D        | Noticed a catoblepas
  2108 | D        | Noticed an orc knight
  2109 | D        | Noticed Gastronok
  2110 | D        | Killed a death yak
  2110 | D        | Killed a gargoyle
  2111 | D        | Reached XP level 10. HP: 72/83 MP: 5/22
  2115 | D        | Noticed a merfolk siren
  2127 | D        | Killed an orc knight
  2128 | D        | Reached skill level 10 in Dodging
  2128 | D        | Reached skill level 11 in Unarmed Combat
  2128 | D        | Reached skill level 10 in Shapeshifting
  2128 | D        | Killed a catoblepas
  2129 | D        | Reached skill level 10 in Invocations
  2134 | D        | Noticed a merfolk siren
  2137 | D        | Noticed a merfolk javelineer
  2142 | D        | Noticed Ilsuiw
  2144 | D        | Killed a merfolk siren
  2144 | D        | Killed a merfolk siren
  2144 | D        | HP: 1/83 [Gastronok/the air (12)]
  2149 | D        | Killed a merfolk javelineer
  2149 | D        | HP: 2/85 [something (6)]
  2149 | D        | Slain by Ilsuiw

Illustrated notes

Levels and vault maps discovered:
D:        pitsprint [storerooms_1, entrance_room_1, metal_vault_1, armoury_1,
          mini_pit_1, grid_room_1, main_hall_1, silver_pit, the_coven_2,
          the_vestibule_1, steel_vault_1, golden_pit, hallway_of_sentries,
          crystal_vault_2, iron_vault_2, final_vault]

Skill      XL: |  1  2  3  4  5  6  7  8  9 10 |
---------------+-------------------------------+-----
Fighting       | 4 5 7 8 9 |  9.8
Short Blades   | 2 3 4 5 6 7 8 9 |  9.5
Long Blades    | 2 3 4 5 6 7 8 9 |  9.5
Axes           | 2 3 4 5 6 7 8 9 |  9.5
Maces & Flails | 2 3 4 5 6 7 8 9 |  9.5
Polearms       | 2 3 4 5 6 7 8 9 |  9.5
Staves         | 2 3 4 5 6 7 8 9 |  9.5
Ranged Weapons | 2 3 4 5 6 7 8 9 |  9.5
Throwing       | 2 3 4 5 6 7 8 9 |  9.5
Armour         | 2 3 4 5 6 7 8 9 |  9.5
Dodging        | 5 6 7 8 9 10 | 10.5
Stealth        | 2 3 4 5 6 7 8 9 |  9.5
Shields        | 2 3 4 5 6 7 8 9 |  9.5
Unarmed Combat | 7 8 9 10 11 | 11.5
Spellcasting   | 2 3 4 5 6 7 8 9 |  9.5
Conjurations   | 2 3 4 5 6 7 |  7.9
Hexes          | 2 3 4 5 6 7 |  7.9
Summonings     | 2 3 4 5 6 7 |  7.9
Necromancy     | 2 3 4 5 6 7 |  7.9
Translocations | 2 3 4 5 6 7 |  7.9
Transmutations | 2 3 4 5 6 7 |  7.9
Fire Magic     | 2 3 4 5 6 7 |  7.9
Ice Magic      | 2 3 4 5 6 7 |  7.9
Air Magic      | 2 3 4 5 6 7 |  7.9
Earth Magic    | 2 3 4 5 6 7 |  7.9
Poison Magic   | 2 3 4 5 6 7 |  7.9
Invocations    | 3 4 5 7 8 9 10 | 10.3
Evocations     | 2 3 4 5 6 7 8 9 |  9.5
Shapeshifting  | 7 8 9 10 | 10.3

Action                     |  1- 3 |  4- 6 |  7- 9 | 10-12 || total
---------------------------+-------+-------+-------+-------++-------
  Melee: Unarmed           |     4 |    46 |    31 |     7 ||    88
         Punch             |       |     3 |     4 |     1 ||     8
         Bite              |       |     1 |     5 |       ||     6
 Invoke: Slouch            |       |       |     7 |     9 ||    16
    Use: Potion            |       |       |     8 |     5 ||    13
         Scroll            |       |       |     1 |       ||     1
 Armour: Animal skin       |       |     4 |       |       ||     4
         Chain mail        |       |    11 |    15 |     3 ||    29
         Skin              |       |       |     3 |     9 ||    12
  Dodge: Dodged            |       |    18 |    31 |     4 ||    53

Table legend: (Time is in decaauts)
 A = Elapsed time spent in this place.
 B = Non-inter-level travel time spent in this place.
 C = Inter-level travel time spent in this place.
 D = Time resting spent in this place.
 E = Time spent auto-exploring this place.
 F = Levels seen in this place.
 G = Mean time per level.
                   A        B        C        D        E       F      G
               +--------+--------+--------+--------+--------+-----+--------+
         Total |   2343 |   2225 |    118 |   1697 |      0 |   1 | 2343.0 |
       Dungeon |   2343 |   2225 |    118 |   1697 |      0 |   1 | 2343.0 |
               +--------+--------+--------+--------+--------+-----+--------+

Top non-repeatable levels by time:
       D: 2343 daAuts
